 Dungeon Crawl Stone Soup version 0.24.0-123-gd5b16e6ec5 (webtiles) character file.

Game seed: 4779359691260705390, levelgen mode: deterministic

100 McKennaii the Conjurer (level 4, -3/34 HPs)
             Began as a Draconian Conjurer on Feb 1, 2020.
             Killed by nerve-wracking pain
             ... invoked by an orc priest
              (8 damage)
             ... on level 3 of the Dungeon.
             The game lasted 00:03:50 (2089 turns).

McKennaii the Conjurer (Draconian Conjurer)         Turns: 2089, Time: 00:03:51

Health: -3/34      AC: 13    Str: 11    XL:     4   Next: 46%
Magic:  1/8        EV: 12    Int: 16    God:
Gold:   179        SH:  0    Dex: 11    Spells: 8/9 levels left

rFire    . . .     SeeInvis .   t - +1 dagger (protect)
rCold    . . .     Gourm    .   (no shield)
rNeg     . . .     Faith    .   (armour unavailable)
rPois    .         Spirit   .   (helmet restricted)
rElec    .         Reflect  .   (no cloak)
rCorr    .         Harm     .   g - +0 pair of gloves
MR       .....                  (no boots)
Stlth    ++........             (no amulet)
HPRegen  0.11/turn              (no ring)
MPRegen  0.11/turn              (no ring)

@: protection aura, hasted, very quick
A: unfitting armour, cold-blooded, AC +5
a: no special abilities


You were on level 3 of the Dungeon.
You were hungry.

You visited 1 branch of the dungeon, and saw 3 of its levels.

You collected 179 gold pieces.

Inventory:

Hand Weapons
 r - a +2 short sword of draining
 t - a +1 dagger of protection (weapon)
Armour
 g - a +0 pair of gloves (worn)
Scrolls
 a - 3 scrolls of magic mapping {unknown}
 d - a scroll of amnesia {unknown}
 e - a scroll of fear {unknown}
 f - a scroll of blinking {unknown}
 h - a scroll of teleportation {unknown}
 o - 2 scrolls of enchant weapon {unknown}
 q - 2 scrolls of remove curse {unknown}
Potions
 c - a potion of ambrosia {unknown}
 i - a potion of brilliance {unknown}
 j - a potion of lignification {unknown}
 k - a potion of magic {unknown}
 l - a potion of invisibility {unknown}
 m - a potion of curing {unknown}
 n - a potion of agility {unknown}
 p - a potion of flight {unknown}
 s - a potion of haste
Comestibles
 b - 3 rations


   Skills:
 + Level 0.6 Fighting
 + Level 2.1 Dodging
 + Level 2.1 Stealth
 * Level 3.1 Spellcasting
 + Level 4.8 Conjurations


You had 8 spell levels left.
You knew the following spells:

 Your Spells              Type           Power        Failure   Level  Hunger
a - Magic Dart            Conj           ###.         2%          1    None

Your spell library contained the following spells:

 Spells                   Type           Power        Failure   Level  Hunger
 Searing Ray              Conj           ###...       3%          2    ##.....
 Dazzling Spray           Conj/Hex       ##....       21%         3    ###....
 Iskenderun's Mystic Bla  Conj           ###.....     26%         4    ####...
 Force Lance              Conj/Tloc      ##......     56%         4    ####...
 Fulminant Prism          Conj/Hex       ##........   56%         4    ####...


Dungeon Overview and Level Annotations

Branches:
Dungeon (3/15)

Altars:


Innate Abilities, Weirdness & Mutations

Your plain brown scales are hard. (AC +5)
You cannot fit into any form of body armour.
You are cold-blooded and may be slowed by cold attacks.


Message History

Unknown command.
You hit the orc priest.
The orc priest is moderately wounded.
The orc closely misses you. The orc priest closely misses you.
Unknown command.
You hit the orc priest but do no damage.
The orc priest is moderately wounded.
The orc barely misses you. The orc priest barely misses you.
Unknown command.
You closely miss the orc priest.
You tail-slap the orc priest, but do no damage.
The orc priest is moderately wounded.
The orc hits you with a +0 flail!
* * * LOW HITPOINT WARNING * * *
The orc priest hits you but does no damage.
It was a potion of haste.
You feel yourself speed up. The orc closely misses you.
The orc priest calls down the wrath of Beogh upon you.
Pain shoots through your body!
You die...

#.......#
#...######
########..........
†..........#######
........####
........#
.......†#
........#
.......@#
......oo#
........#
........#
........#
....)...)
.........
..........
..........


You could see an orc priest and an orc.

Vanquished Creatures
  A gnoll (D:1)
  2 adders (D:2)
  2 oozes
  2 worms (D:2)
  2 leopard geckos (D:1)
  2 orcs (D:3)
  2 giant cockroaches
  8 goblins
  7 hobgoblins
  2 jackals (D:2)
  2 quokkas (D:2)
  A ball python (D:3)
  3 bats (D:1)
  5 frilled lizards
  10 kobolds
  3 rats
  A fungus (D:1)
55 creatures vanquished.

Vanquished Creatures (others)
  8 toadstools (D:1)
8 creatures vanquished.

Grand Total: 63 creatures vanquished

Notes
Turn   | Place    | Note
-------+----------+-------------------------------------------
     0 | D:1      | McKennaii the Draconian Conjurer began the quest for the
                  | Orb.
     0 | D:1      | Reached XP level 1. HP: 14/14 MP: 3/3
   142 | D:1      | Reached XP level 2. HP: 15/20 MP: 0/5
   622 | D:1      | Reached XP level 3. HP: 26/26 MP: 2/6
  1337 | D:2      | Reached XP level 4. HP: 33/34 MP: 2/8
  2089 | D:3      | Killed from afar by an orc priest

Levels and vault maps discovered:
D:1:      ldierk_walled_garden_2, layout_loops_ring, minmay_gold_behind_fungi,
          minmay_fountain_box
D:2:      layout_loops_ring
D:3:      minmay_bubble_buster, layout_basic, serial_bayou_crossing

Skill      XL: |  1  2  3  4 |
---------------+-------------+-----
Dodging        | 2 |  2.1
Stealth        | 2 |  2.1
Spellcasting   | 3 |  3.1
Fighting       | |  0.6
Conjurations   | |  4.8

Action                   |  1- 3 |  4- 6 || total
-------------------------+-------+-------++-------
Melee: Unarmed           |   114 |    17 ||   131
       Tailslap          |    10 |     5 ||    15
       Dagger            |       |     8 ||     8
 Cast: Magic Dart        |    64 |    43 ||   107
  Use: Potion            |       |     1 ||     1
 Stab: Sleeping          |     2 |       ||     2
  Eat: Chunk             |     2 |     2 ||     4
Armor: Skin              |    35 |    13 ||    48
Dodge: Dodged            |    77 |    21 ||    98
